AoeStats
← jsop-0000q2

Arabia

509866062Analyzed
1v1 RM · 2d ago on Sep 28, 2026· 40m 26s· 2 players
Game mode
Random Map
Map size
Tiny (2 player)
Population
200
Speed
Normal
Resources
Standard
Victory
Conquest
Starting age
Dark Age
Ending age
Imperial Age
RankedLock teamsTeams togetherTeam positionsShared explorationLock speedFull tech treeHidden civsTurbo modeCheats
Victory
Defeat
🇨🇳 Chinese · China
1142
+15
🇰🇷 Vietnamese · South Korea
1126
-15
jsop-0000q2
3:38 Loom
11:04 Feudal Age
11:05 Man-at-Arms
11:31 Arson
13:13 Double-Bit Axe
13:46 Horse Collar
21:28 Fletching
21:39 Scale Mail Armor
29:12 Castle Age
27:45 Scale Barding Armor
27:50 Forging
29:12 Bloodlines
31:12 Husbandry
32:07 Husbandry
33:26 Bloodlines
37:18 Heavy Plow
37:28 Bow Saw
37:49 Gold Mining
39:44 Stone Mining
39:49 Crossbowman
联通专业户
0:27 Loom
9:29 Feudal Age
10:09 Double-Bit Axe
10:06 Man-at-Arms
18:53 Gold Mining
18:47 Horse Collar
19:31 Fletching
20:38 Forging
21:47 Arson
22:12 Scale Barding Armor
26:23 Castle Age
27:24 Wheelbarrow
26:37 Long Swordsman
27:19 Squires
28:42 Bodkin Arrow
32:03 Pikeman
33:21 Hand Cart
33:19 Bow Saw
33:14 Heavy Plow
33:39 Ballistics
33:57 Iron Casting
36:39 Imperial Age
34:14 Stone Mining
34:59 Gold Shaft Mining
37:17 Padded Archer Armor
37:17 Scale Mail Armor
37:38 Town Watch
39:58 Town Patrol
41:48 Chemistry
40:59 Masonry
Connection lost

Rejoining the realm…

Still unreachable

The connection could not be restored.

Session expired

The server has moved on; the page needs a fresh start.